 Dungeon Crawl Stone Soup version 0.27-a0-984-g00e00afbbc (webtiles) character file.

Game seed: 4973341754658439029

1234 Morbidden the Thaumaturge (level 8, -6/56 HPs)
             Began as a Djinni Conjurer on Apr 15, 2021.
             Shot with an arrow by a centaur (8 damage)
             ... on level 6 of the Dungeon.
             The game lasted 00:09:24 (6745 turns).

Morbidden the Thaumaturge (Djinni Conjurer)         Turns: 6745, Time: 00:09:25

Health: -6/56      AC:  5    Str:  7    XL:     8   Next: 48%
Gold:   230        EV: 12    Int: 22    God:
                   SH:  0    Dex:  9

rFire    + + .     SeeInvis .   b - +1 dagger (speed)
rCold    x . .     Faith    .   (no shield)
rNeg     . . .     Spirit   .   a - +0 robe
rPois    ∞         Reflect  .   u - +0 helmet
rElec    .         Harm     .   (no cloak)
rCorr    .         Rampage  .   t - +1 pair of gloves
Will     .....                  (boots unavailable)
Stlth    ++........             (no amulet)
HPRegen  0.18/turn              (no ring)
MPRegen  0.00/turn              (no ring)

@: attractive, flying, studying Spellcasting
A: fire resistance 2, cold vulnerability 1, float, innate caster, hp casting,
extra vitality 1, clumsy 1, mutation resistance 1, sense surroundings 1, wild
magic 1
a: no special abilities


You were on level 6 of the Dungeon.
You visited 1 branch of the dungeon, and saw 6 of its levels.

You collected 230 gold pieces.

Inventory:

Hand Weapons
 b - a +1 dagger of speed (weapon)
Armour
 a - a +0 robe (worn)
 t - a +1 pair of gloves (worn)
 u - a +0 helmet (worn)
Wands
 r - a wand of paralysis (5)
Scrolls
 d - 2 scrolls of teleportation
 e - 2 scrolls of identify
 g - a scroll of magic mapping
 k - a scroll of torment {unknown}
 m - a scroll of immolation {unknown}
 o - 2 scrolls of silence {unknown}
 p - a scroll of enchant armour {unknown}
 s - 2 scrolls of blinking {unknown}
Potions
 c - a potion of heal wounds {unknown}
 f - a potion of degeneration {unknown}
 h - a potion of flight {unknown}
 j - a potion of haste {unknown}
 l - 2 potions of berserk rage
 n - a potion of might {unknown}
 q - a potion of attraction


   Skills:
 * Level 3.0 Fighting
 + Level 1.3 Short Blades
 + Level 2.6 Dodging
 + Level 3.2 Stealth
 * Level 9.0 Spellcasting


You had 5 spell levels left.
You knew the following spells:

 Your Spells              Type           Power      Damage    Failure   Level
a - Magic Dart            Conj           100%       1d8       1%          1
b - Searing Ray           Conj           100%       3d7       1%          2
c - Dazzling Flash        Conj/Hex       100%       N/A       1%          3
d - Fulminant Prism       Conj/Hex       30%        3d16      3%          4
e - Iskenderun's Mystic   Conj/Tloc      60%        2d13      3%          4
f - Foxfire               Conj/Fire      100%       2x1d9     1%          1
g - Call Imp              Summ           60%        N/A       1%          2
z - Call Canine Familiar  Summ           60%        N/A       1%          3
Your spell library was empty.

Dungeon Overview and Level Annotations

Branches:
Dungeon (6/15)
 Temple: D:4-7

Altars:
Elyvilon
Okawaru
Yredelemnul
Zin

Shops:
D:2 !   D:3 (


Innate Abilities, Weirdness & Mutations

You are immune to poison.
Your flesh is very heat resistant. (rF++)
You are vulnerable to cold. (rC-)
You float through the air rather than walking.
You learn spells naturally, not from books.
Your magical power is your life essence.
You have superior vitality. (+4 HP)
You are clumsy. (Dex -2)
You are somewhat resistant to further mutation.
You passively map a small area around you.
Your spells are a little harder to cast, but a little more powerful.


Message History

Unknown command.
It was a potion of attraction.
You feel attractive to monsters.
Your wolf barely misses something.
The centaur shoots an arrow.
The arrow hits you but does no damage.
Your wolf bites something.
The centaur shoots an arrow.
The arrow hits you!
* * * LOW HITPOINT WARNING * * *
The arrow burns you.
* * * LOW HITPOINT WARNING * * *
The orc is pulled toward you! The centaur is pulled toward you!
You feel better.
Your wolf bites something.
The centaur unwields a +2 shortbow of flaming.
It stops flaming.
The centaur wields a +0 club.
The centaur hits you with a +0 club.
* * * LOW HITPOINT WARNING * * *
The centaur closely misses you. The orc hits you with a +0 falchion.
* * * LOW HITPOINT WARNING * * *
Unknown command.
Unknown command.
Unknown command.
Unknown command.
Unknown command.
Unknown command.
The centaur barely misses you.
The centaur kicks you but does no damage.
Your wolf bites something!
Reactivating autopickup.
You feel a bit more experienced. The orc hits you with a +0 falchion.
* * * LOW HITPOINT WARNING * * *
The centaur hits you with a +0 club.
* * * LOW HITPOINT WARNING * * *
The centaur barely misses you.
Your wolf barely misses the orc.
Your Fighting skill increases to level 3!
Unknown command.
Unknown command.
Unknown command.
Your wolf barely misses the orc.
The centaur unwields a +0 club.
The centaur wields a +2 shortbow of flaming.
It bursts into flame!
The centaur shoots an arrow.
The arrow hits you!
You die...

.....#.# ....#....,## ,
))...#..#### #......###..
*
)....##....###.#.....#...
, .#..##
###.##............
.#.(####.................
............##....)......
*
.........#........oh.....
...........###....c......
..#.............@........
..###....##..............
.#* #....##.............<
, .*
#....##..............,, ,
, . #######..............
, #......<.......
#########...... * ..... ∩


You could see a centaur, an orc (ally target) and a friendly wolf (summoned).

Vanquished Creatures
  A steam dragon (D:3)
  A phantom (D:2)
  A scorpion (D:5)
  A wight (D:6)
  A hound (D:4)
  3 orc priests
  2 jellies
  Jessica (D:3)
  Natasha (twice) (D:3)
  An iguana (D:3)
  2 orc wizards
  5 adders
  A white imp (D:5)
  5 worms
  3 dart slugs
  10 orcs
  10 ball pythons
  5 bats
  8 endoplasms
  2 giant cockroaches (D:2)
  9 hobgoblins
  8 jackals
  4 kobolds
  A quokka (D:2)
  5 frilled lizards
  15 goblins
  7 rats
114 creatures vanquished.

Vanquished Creatures (collateral kills)
  Sigmund (D:5)
  A hornet zombie (D:6)
  2 ogres
  A scorpion (D:5)
  3 wights (D:6)
  An orc priest (D:6)
  An iguana (D:5)
  Natasha (D:3)
  An orc wizard (D:6)
  A white imp (D:6)
  6 orcs
19 creatures vanquished.

Vanquished Creatures (others)
  A hobgoblin (D:3)
  4 fulminant prisms
5 creatures vanquished.

Grand Total: 138 creatures vanquished

Notes
Turn   | Place    | Note
-------+----------+-------------------------------------------
     0 | D:1      | Morbidden the Djinni Conjurer began the quest for the Orb.
     0 | D:1      | Reached XP level 1. HP: 15/15 MP: 0/0
   318 | D:1      | Reached XP level 2. HP: 12/21 MP: 0/0
   448 | D:1      | Reached skill level 4 in Spellcasting
   804 | D:1      | Reached XP level 3. HP: 18/25 MP: 0/0
   804 | D:1      | Learned a level 1 spell: Foxfire
  1132 | D:1      | Found a faded altar of an unknown god.
  1652 | D:2      | Reached XP level 4. HP: 28/31 MP: 0/0
  1935 | D:2      | Noticed a phantom
  1944 | D:2      | Killed a phantom
  1945 | D:2      | Reached skill level 1 in Fighting
  1945 | D:2      | Reached skill level 5 in Spellcasting
  1945 | D:2      | Reached XP level 5. HP: 18/37 MP: 0/0
  1945 | D:2      | Learned a level 2 spell: Call Imp
  2242 | D:2      | Found Ryom's Distillery.
  2633 | D:3      | Found Vecyfothoi's Antique Weapon Shoppe.
  2819 | D:3      | Noticed Jessica
  2824 | D:3      | Killed Jessica
  2825 | D:3      | Reached XP level 6. HP: 20/42 MP: 0/0
  3214 | D:3      | Reached skill level 6 in Spellcasting
  3302 | D:3      | Noticed a steam dragon
  3323 | D:3      | Killed a steam dragon
  3327 | D:3      | Noticed Natasha
  3330 | D:3      | Killed Natasha
  3535 | D:3      | Reached XP level 7. HP: 43/47 MP: 0/0
  3535 | D:3      | Learned a level 3 spell: Call Canine Familiar
  3857 | D:3      | Noticed Natasha
  3860 | D:3      | Killed Natasha
  3883 | D:3      | Noticed Natasha
  3890 | D:3      | Killed Natasha
  4301 | D:4      | Found a glowing silver altar of Zin.
  4394 | D:4      | Found a basalt altar of Yredelemnul.
  4828 | D:4      | Found a white marble altar of Elyvilon.
  5094 | D:5      | Entered Level 5 of the Dungeon
  5112 | D:5      | Gained mutation: You passively map a small area around you.
                  | [potion of mutation]
  5112 | D:5      | Gained mutation: You are clumsy. (Dex -2) [potion of
                  | mutation]
  5112 | D:5      | Gained mutation: Your spells are a little harder to cast,
                  | but a little more powerful. [potion of mutation]
  5112 | D:5      | Gained mutation: You are somewhat resistant to further
                  | mutation. [potion of mutation]
  5116 | D:5      | Identified a scroll of acquirement
  5116 | D:5      | Acquired a manual of Spellcasting
  5231 | D:5      | Reached skill level 7 in Spellcasting
  5236 | D:5      | Reached skill level 1 in Short Blades
  5286 | D:5      | Found an iron altar of Okawaru.
  5735 | D:5      | Noticed Sigmund
  5746 | D:5      | Killed Sigmund
  5747 | D:5      | Reached skill level 8 in Spellcasting
  5747 | D:5      | Reached XP level 8. HP: 51/55 MP: 0/0
  6381 | D:6      | Reached skill level 9 in Spellcasting
  6620 | D:6      | Paralysed by an orc for 4 turns
  6744 | D:6      | HP: 2/55 [centaur/+0 club (4)]
  6745 | D:6      | Shot with an arrow by a centaur

Illustrated notes

Levels and vault maps discovered:
D:1:      evilmike_arrival_plus, layout_rooms,
          hellmonk_ecumenical_altar_arch_garden
D:2:      layout_basic, serial_shops, nicolae_shop_statue_plus,
          minmay_misc_feat_rows, minmay_goblin_outpost
D:3:      layout_loops_cross, serial_shops, shop, uniq_natasha, uniq_jessica
D:4:      layout_basic, lemuel_tele_altar, zin_academy,
          nicolae_overflow_hidden_temple
D:5:      layout_basic, kennysheep_okawaru_gauntlet, uniq_sigmund
D:6:      layout_rooms, serial_shops, nicolae_shop_trees, shop, shop,
          kennysheep_little_box, kennysheep_mini

Skill      XL: |  1  2  3  4  5  6  7  8 |
---------------+-------------------------+-----
Spellcasting   | 4 5 6 8 9 |  9.0
Fighting       | 1 2 3 |  3.0
Stealth        | 2 3 |  3.2
Short Blades   | 1 |  1.3
Dodging        | |  2.6

Action                   |  1- 3 |  4- 6 |  7- 9 || total
-------------------------+-------+-------+-------++-------
Melee: Dagger            |     4 |    16 |    26 ||    46
 Cast: Magic Dart        |    78 |    60 |    27 ||   165
       Searing Ray       |     1 |    10 |    24 ||    35
       Fulminant Prism   |       |     3 |     1 ||     4
       Call Canine Famil |       |       |    12 ||    12
       Dazzling Flash    |       |       |     1 ||     1
  Use: Potion            |       |     2 |     3 ||     5
       Scroll            |       |       |     7 ||     7
 Stab: Sleeping          |       |       |     4 ||     4
Armor: Robe              |     1 |     4 |     4 ||     9
Dodge: Dodged            |     7 |    11 |    23 ||    41

Table legend: (Time is in decaauts)
 A = Elapsed time spent in this place.
 B = Non-inter-level travel time spent in this place.
 C = Inter-level travel time spent in this place.
 D = Time resting spent in this place.
 E = Time spent auto-exploring this place.
 F = Levels seen in this place.
 G = Mean time per level.
                   A        B        C        D        E       F      G
               +--------+--------+--------+--------+--------+-----+--------+
         Total |   6737 |   6516 |    221 |    191 |   5585 |   6 | 1122.8 |
       Dungeon |   6737 |   6516 |    221 |    191 |   5585 |   6 | 1122.8 |
               +--------+--------+--------+--------+--------+-----+--------+

Top non-repeatable levels by time:
     D:2: 1395 daAuts
     D:3: 1283 daAuts
     D:1: 1251 daAuts
     D:5: 1184 daAuts
     D:4: 1164 daAuts
     D:6: 459 daAuts
